 Dungeon Crawl Stone Soup version 0.27.1-33-g824d729ab1 (webtiles) character file.

Game seed: 8425263105734508983

197 unlimited1921 the Magician (level 6, -6/43 HPs)
             Began as a Djinni Fire Elementalist on Dec 4, 2021.
             Killed by nerve-wracking pain
             ... invoked by Grinder
              (8 damage)
             ... while paralysed by Grinder
             ... on level 4 of the Dungeon.
             The game lasted 00:14:06 (6525 turns).

unlimited1921 the Magician (DjFE)                   Turns: 6525, Time: 00:14:07

Health: -6/43      AC:  3    Str:  7    XL:     6   Next: 5%
Gold:   167        EV:  2    Int: 19    God:
                   SH:  0    Dex: 13

rFire    + + .     SeeInvis +   d - +3 dagger
rCold    x . .     Faith    .   (no shield)
rNeg     . . .     Spirit   .   a - +0 robe
rPois    ∞         Reflect  .   g - +0 helmet
rElec    .         Harm     .   (no cloak)
rCorr    .         Rampage  .   (no gloves)
Will     .....                  (boots unavailable)
Stlth    ++........             (no amulet)
HPRegen  0.14/turn              k - ring of see invisible
MPRegen  0.00/turn              (no ring)

@: paralysed, flying
A: sickness immunity, fire resistance 2, cold vulnerability 1, float, innate
caster, hp casting, extra vitality 1
a: no special abilities


You were on level 4 of the Dungeon.
You visited 1 branch of the dungeon, and saw 4 of its levels.

You collected 167 gold pieces.

Inventory:

Hand Weapons
 d - a +3 dagger (weapon)
 l - a +0 short sword
 q - a +0 fustibalus
Missiles
 f - 20 arrows
 n - 50 bolts
 v - 38 stones
Armour
 a - a +0 robe (worn)
 g - a +0 helmet (worn)
Jewellery
 k - a ring of see invisible (left hand)
Wands
 j - a wand of acid (13) (quivered)
 u - a wand of flame (20)
Scrolls
 i - a scroll of enchant weapon {unknown}
 m - a scroll of acquirement {unknown}
 p - a scroll of magic mapping
 r - 2 scrolls of teleportation {unknown}
 t - a scroll of fog {unknown}
Potions
 b - a potion of might {unknown}
 c - 2 potions of flight {unknown}
 e - a potion of ambrosia {unknown}
 h - a potion of attraction {unknown}
 o - 2 potions of degeneration {unknown}
 s - a potion of curing {unknown}


   Skills:
 * Level 1.9 Fighting
 + Level 0.1 Short Blades
 + Level 2.4 Dodging
 + Level 2.8 Stealth
 + Level 3.9 Spellcasting


You couldn't memorise any spells.
You knew the following spells:

 Your Spells              Type           Power      Damage    Failure   Level
a - Foxfire               Conj/Fire      72%        2x1d7     2%          1
b - Conjure Flame         Conj/Fire      18%        6-21      9%          3
c - Inner Flame           Hex/Fire       18%        N/A       9%          3
d - Sticky Flame          Conj/Fire      18%        2d4       28%         4
e - Fireball              Conj/Fire      9%         3d6       61%         5
f - Summon Small Mammal   Summ           72%        N/A       2%          1
g - Searing Ray           Conj           36%        3d4       4%          2
Your spell library was empty.

Dungeon Overview and Level Annotations

Branches:
Dungeon (4/15)
 Temple: D:4-7

Altars:
Fedhas
Hepliaklqana

Annotations:
D:4 Grinder


Innate Abilities, Weirdness & Mutations

You are immune to sickness and miasma.
You are immune to poison.
Your flesh is very heat resistant. (rF++)
You are vulnerable to cold. (rC-)
You float through the air rather than walking.
You learn spells naturally, not from books.
Your magical power is your life essence.
You have superior vitality. (+4 HP)


Message History

The gnoll is almost dead.
The gnoll closely misses you. The gnoll hits you but does no damage.
You see here a +0 leather armour.
Grinder gestures at you. You resist with significant effort.
Your magical contamination has completely faded away.
Aiming: Corrosive Bolt
Press: ? - help, Q - select action, (/) - cycle Shift-Dir - straight line, f - gnoll
Aim: a gnoll, wielding a +0 spear (almost dead, 75% to hit)
The bolt of acid misses Grinder.
The bolt of acid hits the gnoll!
The gnoll is splashed with acid.
The acid corrodes the gnoll!
You kill the gnoll!
You have reached level 6!
Your experience leads to an increase in your attributes!
Increase (S)trength, (I)ntelligence, or (D)exterity?
You feel clever.
Casting: Foxfire (safe; 2% risk of failure)
Confirm with . or Enter, or press ? or * to list all spells.
You conjure some foxfire!
Grinder hits you.
You writhe in agony.
You are too injured to fight recklessly!
The foxfire hits Grinder but does no damage.
Grinder is moderately wounded.
The foxfire hits Grinder!
Grinder is heavily wounded.
Grinder gestures at you.
You suddenly lose the ability to move!
Grinder hits you. Grinder hits you but does no damage.
The gnoll hits you from afar with a +0 spear.
Grinder hits you!
* * * LOW HITPOINT WARNING * * *
You writhe in agony.
* * * LOW HITPOINT WARNING * * *
The gnoll hits you from afar with a +0 spear.
* * * LOW HITPOINT WARNING * * *
Grinder gestures at you. Pain shoots through your body!
You die...

# #.## ### ..# #..
#.#.# #.#.# #.#.# #
#)# #.#.# #.###.#
.?..##
###.....#########..)(
..................g#
#######.@########.#
#..5g....[).#
##.########## #.# #.#
#.# # #.# #
#.################
#.................


You could see Grinder and a gnoll.

Vanquished Creatures
  A scorpion (D:4)
  Natasha (D:4)
  2 gnolls (D:4)
  3 adders
  A worm (D:3)
  3 dart slugs
  6 endoplasms
  2 giant cockroaches
  9 goblins
  4 hobgoblins
  2 jackals (D:1)
  6 kobolds
  2 quokkas
  8 ball pythons
  7 frilled lizards
  3 rats
60 creatures vanquished.

Vanquished Creatures (others)
  An orc (D:3)
  204 foxfires
205 creatures vanquished.

Grand Total: 265 creatures vanquished

Notes
Turn   | Place    | Note
-------+----------+-------------------------------------------
     0 | D:1      | unlimited1921 the Djinni Fire Elementalist began the quest
                  | for the Orb.
     0 | D:1      | Reached XP level 1. HP: 15/15 MP: 0/0
   217 | D:1      | Reached XP level 2. HP: 20/21 MP: 0/0
  1206 | D:1      | Reached XP level 3. HP: 19/26 MP: 0/0
  1206 | D:1      | Learned a level 1 spell: Summon Small Mammal
  1405 | D:1      | Reached skill level 3 in Spellcasting
  3480 | D:2      | Reached XP level 4. HP: 30/31 MP: 0/0
  3515 | D:2      | Reached skill level 1 in Fighting
  4681 | D:3      | Found a blossoming altar of Fedhas.
  4681 | D:3      | Found a hazy altar of Hepliaklqana.
  5162 | D:3      | Found a faded altar of an unknown god.
  5695 | D:4      | Noticed Natasha
  5696 | D:4      | Killed Natasha
  5697 | D:4      | Reached XP level 5. HP: 37/37 MP: 0/0
  5697 | D:4      | Learned a level 2 spell: Searing Ray
  6492 | D:4      | Noticed Grinder
  6516 | D:4      | Reached XP level 6. HP: 28/43 MP: 0/0
  6521 | D:4      | Paralysed by Grinder for 6 turns
  6524 | D:4      | HP: 2/43 [gnoll (2)]
  6525 | D:4      | Killed from afar by Grinder

Illustrated notes

Levels and vault maps discovered:
D:1:      dpeg_arrival_boxorama, layout_basic
D:2:      kennysheep_big_flooded_room, layout_loops_corners
D:3:      layout_basic, chequers_temple_overflow_statue_of_worship,
          shapermc_ecumenical_altar_acropolis, lemuel_another_geyser
D:4:      layout_loops_ring, grunt_ministairs_2, ebering_dispersal_statue_hall,
          uniq_grinder, uniq_natasha

Skill      XL: |  1  2  3  4 |
---------------+-------------+-----
Spellcasting   | 3 |  3.9
Fighting       | 1 |  1.9
Stealth        | 2 |  2.8
Short Blades   | |  0.1
Dodging        | |  2.4

Action                   |  1- 3 |  4- 6 || total
-------------------------+-------+-------++-------
Melee: Dagger            |     2 |     3 ||     5
 Cast: Foxfire           |    56 |    69 ||   125
Evoke: Wand              |       |     2 ||     2
  Use: Scroll            |       |     1 ||     1
Armor: Robe              |       |     2 ||     2
Dodge: Dodged            |     5 |     7 ||    12
